 Dungeon Crawl Stone Soup version 0.18.1-48-g4cf74bf (webtiles) character file.

52 DoubleT23 the Insei (level 3, 0/28 HPs)
             Began as a Draconian Transmuter on June 25, 2016.
             Succumbed to an adder's poison
             ... on level 2 of the Dungeon on June 26, 2016.
             The game lasted 00:23:29 (2309 turns).

DoubleT23 the Insei (Draconian Transmuter)          Turns: 2309, Time: 00:23:29

Health: 0/28       AC:  6    Str: 12    XL:     3   Next: 60%
Magic:  6/6        EV: 12    Int: 13    God:
Gold:   78         SH:  0    Dex: 12    Spells: 2 memorised, 3 levels left

rFire  . . .     SeeInvis .       - Unarmed
rCold  . . .     Gourm    .     (armour unavailable)
rNeg   . . .     Faith    .     (no shield)
rPois  .         Spirit   .     (helmet restricted)
rElec  .         Dismiss  .     j - +0 cloak
rCorr  .         Reflect  .     (no gloves)
SustAt .         Harm     .     (no boots)
MR     +....                    (no amulet)
Stlth  +.........               (no ring)
                                g - ring of protection from magic

@: lethally poisoned (0 -> -10), somewhat resistant to hostile enchantments,
very unstealthy
A: unfitting armour, cold-blooded, AC +5
a: no special abilities


You were on level 2 of the Dungeon.
You were not hungry.

You visited 1 branch of the dungeon, and saw 2 of its levels.

You collected 78 gold pieces.

Inventory:

Missiles
 a - 11 arrows
 i - 23 poisoned needles
Armour
 j - a +0 cloak (worn)
Jewellery
 g - a ring of protection from magic (left hand)
Scrolls
 e - a scroll of teleportation {unknown}
 l - a scroll of recharging {unknown}
Potions
 h - a potion of flight {unknown}
Books
 b - a book of Changes

   Spells                             Type                      Level
   a - Beastly Appendage              Transmutation                1
   b - Sticks to Snakes               Transmutation                2
   c - Spider Form                    Transmutation/Poison         3
   d - Ice Form                       Ice/Transmutation            4
   e - Blade Hands                    Transmutation                5
Comestibles
 c - 2 bread rations
 d - 3 meat rations
 f - a beef jerky
 k - a chunk of flesh


   Skills:
 - Level 1.1 Fighting
 - Level 1.7 Dodging
 * Level 3.9 Unarmed Combat
 - Level 2.0 Spellcasting
 + Level 3.1 Transmutations


You had 3 spell levels left.
You knew the following spells:

 Your Spells              Type           Power        Failure   Level  Hunger
a - Beastly Appendage     Trmt           #.....       10%         1    ##.....
b - Sticks to Snakes      Trmt           #.......     12%         2    ###....


Dungeon Overview and Level Annotations

Branches:
Dungeon (2/15)

Altars:

Annotations:
D:2 Sigmund


Innate Abilities, Weirdness & Mutations

Your plain brown scales are hard (AC +5).
Your body does not fit into most forms of armour.
You are cold-blooded and may be slowed by cold attacks.


Message History

You see here a club.
You feel sick.
Casting: Beastly Appendage
Confirm with . or Enter, or press ? or * to list all spells.
You don't know that spell.
You feel sick. The adder bites you.
You are more poisoned.
The adder poisons you!
You feel sick.
* * * LOW HITPOINT WARNING * * *
You feel sick.
* * * LOW HITPOINT WARNING * * *
You feel sick. The adder bites you.
* * * LOW HITPOINT WARNING * * *
You are more poisoned.
The adder poisons you! The adder bites you.
* * * LOW HITPOINT WARNING * * *
* * * LOW HITPOINT WARNING * * *
You feel sick.
You die...

#.......<......##
#.##.###(####### #.##.#
#)# #.##.###.#
#.##...#.# #.####.#.#
#.# #<#.# #.#
#.#.########### #.#
#.#.KS.@......# ##.#
#.###########.# #..#
#.###########.# #.##
#...........#.# #.#
#..########.#.#
#.#####..###### #.#.#
#.##..........###.#.####
#.##.#.#.####..........#
#.##.)###...(.###.#..#.#


You could see an adder and a kobold.

Vanquished Creatures
  An adder (D:1)
  4 worms (D:2)
  A dart slug (D:2)
  2 giant cockroaches (D:2)
  3 goblins
  7 hobgoblins
  A quokka (D:2)
  2 ball pythons (D:1)
  3 bats
  A giant newt (D:2)
  A kobold (D:1)
  4 rats
30 creatures vanquished.

Notes
Turn   | Place    | Note
--------------------------------------------------------------
     0 | D:1      | DoubleT23 the Draconian Transmuter began the quest for the Orb.
     0 | D:1      | Reached XP level 1. HP: 16/16 MP: 3/3
   477 | D:1      | Reached XP level 2. HP: 23/23 MP: 5/5
   709 | D:2      | Noticed Sigmund
  1319 | D:2      | Reached XP level 3. HP: 11/28 MP: 4/6
  1915 | D:2      | Learned a level 2 spell: Sticks to Snakes
  2308 | D:2      | HP: 1/28 [poisoned by an adder]
  2309 | D:2      | Succumbed to an adder's poison

Skill      XL: |  1  2  3 |
---------------+----------+-----
Transmutations | 3 |  3.1
Fighting       | |  1.1
Dodging        | |  1.7
Unarmed Combat | |  3.9
Spellcasting   | |  2.0

Action                   || total
-------------------------++-------
Melee: Unarmed           ||   138
       Kick              ||    15
       Tailslap          ||    18
       Headbutt          ||     3
 Cast: Beastly Appendage ||    20
       Sticks to Snakes  ||     1
  Use: Scroll            ||     4
       Potion            ||     1
  Eat: Chunk             ||     5
Armor: Skin              ||    54
Dodge: Dodged            ||   116
